 Dungeon Crawl Stone Soup version 0.31-a0-232-gb1c03b2570 (webtiles) character file.

Game seed: 4330276939573331601

99 qw the Shooter (level 4, -2/26 HPs)
             Began as a Gargoyle Hexslinger on July 7, 2023.
             Slain by a +5 spectral club (6 damage)
             ... created by Ijyb
             ... on level 3 of the Dungeon.
             The game lasted 00:00:29 (1839 turns).

qw the Shooter (Gargoyle Hexslinger)                Turns: 1839, Time: 00:00:30

Health: -2/26      AC:  9    Str:  9 (12) XL:     4   Next: 72%
Magic:  5/5        EV: 10    Int: 11 (13) God:
Gold:   80         SH:  0    Dex: 14      Spells: 4/5 levels left

rFire   . . .        Y - +1 sling
rCold   . . .        (no shield)
rNeg    + . .        h - +0 ring mail
rPois   inf          (no helmet)
rElec   +            (no cloak)
rCorr   .            (no gloves)
SInv    .            e - +0 pair of boots
Will    .....        l - amulet of reflection Stlth
                     (no ring)
HPRegen 0.24/turn    (no ring)
MPRegen 0.09/turn

%: reflection
@: confused
A: sickness immunity, AC +3, negative energy resistance 1, electricity
resistance, torment resistance 1, petrification resistance
a: no special abilities


You were on level 3 of the Dungeon.
You visited 1 branch of the dungeon, and saw 3 of its levels.

You collected 80 gold pieces.


Innate Abilities, Weirdness & Mutations

You are immune to sickness and miasma.
Your stone body is resilient. (AC +3)
You are immune to poison.
You resist negative energy. (rN+)
You are resistant to electric shocks. (rElec)
You are resistant to unholy torment.
You are immune to petrification.


   Skills:
 - Level 2.0 Fighting
 + Level 4.1 Ranged Weapons
 - Level 1.4 Armour
 - Level 1.5 Dodging
 - Level 1.0 Spellcasting
 - Level 2.6 Hexes


You had 4 spell levels left.
You knew the following spells:

 Your Spells              Type           Power      Damage    Failure   Level
a - Slow                  Hex            24%        N/A       30%         1

Your spell library contained the following spells:

 Spells                   Type           Power      Damage    Failure   Level
 Inner Flame              Hex/Fire       3%         N/A       83%         3
 Portal Projectile        Hex/Tloc       6%         N/A       83%         3
 Cause Fear               Hex            3%         N/A       96%         4

Inventory:

Hand Weapons
 Y - a +1 sling (weapon)
Armour
 e - a +0 pair of boots (worn)
 h - a +0 ring mail (worn)
Jewellery
 l - an amulet of reflection (around neck)
Scrolls
 k - a scroll of identify
Potions
 c - a potion of berserk rage {unknown}
 d - a potion of curing {unknown}
 g - 2 potions of heal wounds
 i - a potion of magic {unknown}

Dungeon Overview and Level Annotations

Branches:
Dungeon (3/15)

Altars:

Annotations:
D:3 Ijyb


Message History

You shoot a sling bullet. The orc shouts!
The sling bullet hits the hound but does no damage.
The hound is almost dead.
The hound bites you. The hound bites you but does no damage.
Ijyb screams, "It's all mine!"
You shoot a sling bullet. The sling bullet hits the hound.
The hound is almost dead.
The hound bites you but does no damage. x2
You shoot a sling bullet.
The sling bullet barely misses the hound.
The hound misses you. The hound barely misses you.
You shoot a sling bullet.
The sling bullet closely misses the hound.
You block the hound's attack. The hound bites you but does no damage.
You shoot a sling bullet. The sling bullet hits the hound.
You kill the hound!
Ijyb barely misses you. The +5 spectral club hits you!
You feel your dexterity returning.
Your Ranged Weapons skill increases to level 4!
A +5 spectral club comes into view.
You shoot a sling bullet. The sling bullet barely misses Ijyb.
Ijyb hits you with a +5 spectral club.
The +5 spectral club closely misses you.
You shoot a sling bullet. The sling bullet hits Ijyb.
Ijyb is moderately wounded.
Ijyb zaps a wand.
Your will is overpowered!
You are confused.
The +5 spectral club disappears.
Ijyb hits you but does no damage.
The +5 spectral club hits you but does no damage.
A +5 spectral club comes into view.
Ijyb zaps a wand.
Your will is overpowered!
You are more confused.
The +5 spectral club disappears.
Ijyb hits you with a +5 spectral club.
The +5 spectral club hits you but does no damage.
A +5 spectral club comes into view.
Ijyb closely misses you. The +5 spectral club hits you. Ijyb barely misses you.
The +5 spectral club hits you. Ijyb hits you with a +5 spectral club.
The +5 spectral club hits you.
You die... .... ... ..### ...# og#

.. #K# #
#.
#g####....
#..
#(@.......
...
#.###.....
#.#####.#
...
#.......#
.
###...###
#.<.#
#...#
#...#
#...#


You could see a +5 spectral club, Ijyb, an orc, a hobgoblin and a kobold.

Vanquished Creatures
  A hound (D:3)
  Jessica (D:2)
  A gnoll (D:1)
  An adder (D:2)
  A dart slug (D:1)
  A ball python (D:1)
  5 endoplasms
  3 hobgoblins
  2 kobolds
  A quokka (D:2)
  3 bats
  2 frilled lizards (D:1)
  2 rats (D:1)
24 creatures vanquished.

Notes
Turn   | Place    | Note
-------+----------+-------------------------------------------
     0 | D:1      | qw the Gargoyle Hexslinger began the quest for the Orb.
     0 | D:1      | Reached XP level 1. HP: 12/12 MP: 2/2
     0 | D:1      | 0 ||| qw: Version: 0.3-a-46-gb1f654a
     0 | D:1      | 0 ||| qw: Game counter: 2718
     0 | D:1      | 0 ||| qw: Melee chars always use a shield: true
     0 | D:1      | 0 ||| qw: God list: Okawaru
     0 | D:1      | 0 ||| qw: Allow faded altars: false
     0 | D:1      | 0 ||| qw: Do Orc after clearing Dungeon:15 true
     0 | D:1      | 0 ||| qw: Do second Lair branch before Depths: true
     0 | D:1      | 0 ||| qw: Lair rune preference: random
     0 | D:1      | 0 ||| qw: Goals: Normal
     0 | D:1      | 0 ||| PLANNING D:1-11
   135 | D:1      | 135 ||| UPGRADING to +0 pair of boots.
   321 | D:1      | 321 ||| UPGRADING to +0 ring mail.
   331 | D:1      | 331 ||| DROPPING +0 robe.
   432 | D:1      | Reached XP level 2. HP: 16/16 MP: 3/3
   620 | D:1      | Reached skill level 3 in Ranged Weapons
   680 | D:1      | Reached XP level 3. HP: 16/21 MP: 4/4
   731 | D:1      | Found a faded altar of an unknown god.
   948 | D:1      | 948 ||| DRINKING 2 silvery potions.
   949 | D:1      | 949 ||| DROPPING scroll of poison.
  1100 | D:2      | Reached skill level 1 in Armour
  1206 | D:2      | Noticed Jessica
  1215 | D:2      | Killed Jessica
  1216 | D:2      | Reached XP level 4. HP: 26/26 MP: 5/5
  1740 | D:2      | 1740 ||| UPGRADING to amulet of regeneration.
  1745 | D:2      | 1745 ||| UPGRADING to amulet of reflection.
  1755 | D:2      | 1755 ||| DROPPING amulet of regeneration.
  1756 | D:2      | 1756 ||| READING 2 scrolls labelled XUORRY OHOADGH.
  1757 | D:2      | 1757 ||| READING 2 scrolls labelled LOMIN GEUMPI.
  1758 | D:2      | 1758 ||| DRINKING 2 fizzy black potions.
  1759 | D:2      | 1759 ||| DROPPING scroll of vulnerability.
  1760 | D:2      | 1760 ||| DROPPING potion of degeneration.
  1809 | D:3      | Noticed Ijyb
  1832 | D:3      | Reached skill level 4 in Ranged Weapons
  1839 | D:3      | HP: 4/26 [Ijyb/+5 spectral club (3)]
  1839 | D:3      | Slain by a +5 spectral club

Levels and vault maps discovered:
D:1:      matt_arrival_grand_opening, layout_basic, serial_glass,
          glass_columns_a, glass_columns_a, glass_columns_b, glass_columns_a,
          glass_columns_a, glass_columns_a, glass_columns_b, glass_columns_a,
          shapermc_ecumenical_altar_mp_urbaneastern
D:2:      layout_loops_ring, serial_aquarium, aquarium_bridge_square
          [aquarium_subvault_bridge, aquarium_subvault_bridge,
          aquarium_subvault_bridge, aquarium_subvault_window],
          aquarium_window_fake, aquarium_window_1, aquarium_window_corridor_1,
          aquarium_view_2c, aquarium_balcony_3a, st_stairs_11,
          kennysheep_jessica_study
D:3:      layout_loops_cross, ebering_ghost_rock_garden, nicolae_grassy_gnolls,
          uniq_ijyb

Skill      XL: |  1  2  3  4 |
---------------+-------------+-----
Ranged Weapons | 3 4 |  4.1
Fighting       | 2 |  2.0
Armour         | 1 |  1.4
Dodging        | |  1.5
Spellcasting   | |  1.0
Hexes          | |  2.6

Action                     |  1- 3 |  4- 6 || total
---------------------------+-------+-------++-------
   Fire: Sling             |    61 |    14 ||    75
    Use: Potion            |     1 |     1 ||     2
         Scroll            |       |     2 ||     2
 Armour: Ring mail         |    13 |    14 ||    27
  Dodge: Dodged            |    10 |    13 ||    23
  Block: Other             |       |     4 ||     4

Table legend:
 A = Non-vault XP
 B = Vault XP
 C = Vault XP percentage of total XP
 D = Non-vault monster count
 E = Vault monster count
 F = Vault count percentage of total count
                 A         B        C        D         E       F
            +---------+---------+-------+---------+---------+-------
      Total |      99 |      43 |  30.3 |      20 |       4 |  16.7
            +---------+---------+-------+---------+---------+-------
        D:1 |      37 |       0 |   0.0 |      14 |       0 |   0.0
        D:2 |      20 |      43 |  68.3 |       5 |       4 |  44.4
        D:3 |      42 |       0 |   0.0 |       1 |       0 |   0.0
            +---------+---------+-------+---------+---------+-------
